 Dungeon Crawl Stone Soup version 0.30-a0-571-gdf30a72648 (webtiles) character file.

Game seed: 9208528571707366319

325 bmack86 the Chopper (level 6, -1/79 HPs)
             Began as a Minotaur Fighter on Dec 30, 2022.
             Slain by an orc
             ... wielding a +0 mace
              (4 damage)
             ... on level 4 of the Dungeon.
             The game lasted 00:07:37 (1993 turns).

bmack86 the Chopper (Minotaur Fighter)              Turns: 1993, Time: 00:07:38

Health: -1/79      AC: 12    Str: 23    XL:     6   Next: 24%
Magic:  5/5        EV:  6    Int:  5    God:
Gold:   134        SH:  4    Dex:  9    Spells: 5/5 levels left

rFire   . . .      SeeInvis .    a - +0 war axe
rCold   . . .      Faith    .    c - +0 buckler
rNeg    . . .      Spirit   .    m - +0 plate armour
rPois   .          Reflect  .    (helmet restricted)
rElec   .          Harm     .    (no cloak)
rCorr   .          Rampage  .    (no gloves)
Will    .....                    (no boots) Stlth
                                 (no amulet)
HPRegen 0.33/turn                (no ring)
MPRegen 0.09/turn                (no ring)

@: berserking, very quick
A: horns 2, retaliatory headbutt
a: no special abilities


You were on level 4 of the Dungeon.
You visited 1 branch of the dungeon, and saw 4 of its levels.

You collected 134 gold pieces.

Inventory:

Hand Weapons
 a - a +0 war axe (weapon)
Missiles
 f - 5 poisoned darts
 k - 6 boomerangs (quivered)
Armour
 c - a +0 buckler (worn)
 m - a +0 plate armour (worn)
Scrolls
 l - a scroll of immolation
 n - a scroll of enchant armour {unknown}
 p - a scroll of teleportation {unknown}
 q - a scroll of poison {unknown}
 r - 2 scrolls of vulnerability {unknown}
Potions
 b - 2 potions of attraction
 d - 2 potions of might
 e - a potion of cancellation
 g - a potion of invisibility
 h - a potion of haste {unknown}
 j - 3 potions of curing
 o - a potion of brilliance {unknown}


   Skills:
 + Level 4.7 Fighting
 * Level 5.0 Axes
 + Level 2.2 Throwing
 + Level 4.7 Armour
 + Level 4.8 Shields


You had 5 spell levels left.
You didn't know any spells.
Your spell library was empty.

Dungeon Overview and Level Annotations

Branches:
Dungeon (4/15)
 Temple: D:4-7

Altars:
Ru

Shops:
D:1 =   D:2 :

Annotations:
D:3 1 runed translucent door, drugrobin's ghost, weakling DgDe


Innate Abilities, Weirdness & Mutations

You have a pair of horns on your head.
You reflexively headbutt those who attack you in melee.


Message History

An orc priest comes into view. It is wielding a +0 flail.
An orc comes into view. It is wielding a +0 mace.
You see here a scorpion corpse.
The orc shouts!
The orc priest shouts!
You hear a shout! x2
An orc priest comes into view. It is wielding a +2 heavy mace.
You see here a +0 dagger.
Things that are here:
a scroll of identify; a hobgoblin corpse
s - a scroll of identify The orc priest calls down the wrath of Beogh upon you.
Pain shoots through your body!
A goblin comes into view. It is wielding a +0 club.
An orc comes into view. It is wielding a +0 short sword.
As you read the scroll of identify, it crumbles to dust.
b - 2 potions of attraction The orc priest calls down the wrath of Beogh upon you.
Pain shoots through your body!
Items here: ( ) ††.
An orc comes into view. It is wielding a +0 flail.
The orc attacks as you move away! You block the orc's attack.
You closely miss the orc.
The orc priest mumbles some strange prayers to Beogh against you.
Beogh smites you!
* * * LOW HITPOINT WARNING * * *
The orc hits you with a +0 mace.
* * * LOW HITPOINT WARNING * * *
It was a potion of berserk rage.
A red film seems to cover your vision as you go berserk!
You feel yourself moving faster!
You feel mighty!
You feel a strong urge to attack something.
The orc priest mumbles some strange prayers to Beogh against you.
Pain shoots through your body!
* * * LOW HITPOINT WARNING * * *
The orc barely misses you.
You slash the orc priest!
You kill the orc priest!
You barely miss the orc. You slash the goblin!
You kill the goblin!
You closely miss the orc. The orc hits you with a +0 mace.
You die...

#################
..........##.....#
...........#.....#
.....>..........####
.
##..................
..................#
.. #............# ♣.
#.....o.)[...#
.♣♣...#.....@)o...#
......#....#o##)†##
.......<####.##.†#
..≈≈..#.# #.##†)#
..≈≈..#......o..og#
..... .........o...#
.....
.......)....... ....
............o..##
..##
.................


You could see an orc priest and 3 orcs.

Vanquished Creatures
  A necrophage (D:4)
  A scorpion (D:4)
  A howler monkey (D:4)
  A hound (D:4)
  An orc priest (D:4)
  An iguana (D:4)
  6 adders
  2 dart slugs
  An orc (D:3)
  2 ball pythons
  6 bats
  4 endoplasms
  6 giant cockroaches
  5 hobgoblins
  2 quokkas
  8 frilled lizards
  7 goblins
  5 kobolds
  A rat (D:2)
61 creatures vanquished.

Notes
Turn   | Place    | Note
-------+----------+-------------------------------------------
     0 | D:1      | bmack86 the Minotaur Fighter began the quest for the Orb.
     0 | D:1      | Reached XP level 1. HP: 19/19 MP: 0/0
   161 | D:1      | Reached XP level 2. HP: 27/27 MP: 1/1
   179 | D:1      | Found Jeerihao's Jewellery Shop.
   202 | D:1      | Found a faded altar of an unknown god.
   246 | D:1      | Reached skill level 3 in Axes
   696 | D:2      | Reached XP level 3. HP: 26/33 MP: 2/2
   826 | D:2      | You fall into a shaft and drop 1 floor!
   945 | D:2      | Reached skill level 1 in Throwing
  1042 | D:2      | Found Lenomoh's Book Boutique.
  1285 | D:3      | Reached XP level 4. HP: 33/40 MP: 3/3
  1385 | D:3      | Found a sacrificial altar of Ru.
  1393 | D:3      | Found a runed translucent door.
  1447 | D:3      | Noticed a centaur
  1447 | D:3      | Noticed drugrobin's ghost (weakling DgDe)
  1960 | D:4      | Reached skill level 4 in Axes
  1965 | D:4      | Noticed a scorpion
  1965 | D:4      | Noticed a necrophage
  1966 | D:4      | Reached XP level 5. HP: 39/47 MP: 4/4
  1976 | D:4      | Reached XP level 6. HP: 29/53 MP: 5/5
  1978 | D:4      | Reached skill level 5 in Axes
  1992 | D:4      | HP: 2/79 [orc priest/nerve-wracking pain (4)]
  1993 | D:4      | Slain by an orc

Illustrated notes

Levels and vault maps discovered:
D:1:      mainiacjoe_arrival_reflecting_pool, layout_loops_ring, serial_shops,
          nicolae_shop_trees, shapermc_ecumenical_altar_starsandcircs
D:2:      layout_basic, serial_shops, shop_fountains
D:3:      layout_basic, hangedman_ru_absence, ebering_ghost_inner_flame
D:4:      layout_rooms, nicolae_wu_jian_wuxing_cycle,
          minmay_temple_entry_poolview, kennysheep_potato

Skill      XL: |  1  2  3  4  5  6 |
---------------+-------------------+-----
Axes           | 3 4 5 |  5.0
Shields        | 4 |  4.8
Armour         | 4 |  4.7
Fighting       | 4 |  4.7
Throwing       | 1 2 |  2.2

Action                   |  1- 3 |  4- 6 || total
-------------------------+-------+-------++-------
Melee: War axe           |    73 |    42 ||   115
       Headbutt          |     9 |     8 ||    17
  Use: Scroll            |     4 |     1 ||     5
       Potion            |       |     1 ||     1
Armor: Scale mail        |    20 |       ||    20
       Plate armour      |    24 |    43 ||    67
       Chain mail        |    12 |       ||    12
Dodge: Dodged            |    44 |    25 ||    69
Block: Buckler           |    20 |    27 ||    47

Table legend: (Time is in decaauts)
 A = Elapsed time spent in this place.
 B = Non-inter-level travel time spent in this place.
 C = Inter-level travel time spent in this place.
 D = Time resting spent in this place.
 E = Time spent auto-exploring this place.
 F = Levels seen in this place.
 G = Mean time per level.
                   A        B        C        D        E       F      G
               +--------+--------+--------+--------+--------+-----+--------+
         Total |   2034 |   1958 |     76 |      0 |   1213 |   4 |  508.5 |
       Dungeon |   2034 |   1958 |     76 |      0 |   1213 |   4 |  508.5 |
               +--------+--------+--------+--------+--------+-----+--------+

Top non-repeatable levels by time:
     D:3: 837 daAuts
     D:1: 686 daAuts
     D:2: 450 daAuts
     D:4: 60 daAuts
